 Dungeon Crawl Stone Soup version 0.28-a0-8-g6e044cfa68 (webtiles) character file.

Game seed: 12619414376710672089

39 Sobieck the Firebug (level 3, 0/25 HPs)
             Began as a Gnoll Fire Elementalist on July 23, 2021.
             Slain by a quokka (4 damage)
             ... on level 2 of the Dungeon.
             The game lasted 00:02:14 (1664 turns).

Sobieck the Firebug (Gnoll Fire Elementalist)       Turns: 1664, Time: 00:02:15

Health: 0/25       AC:  2    Str:  7    XL:     3   Next: 45%
Magic:  5/9        EV: 13    Int: 15    God:
Gold:   35         SH:  0    Dex: 12    Spells: 11/12 levels left

rFire   . . .      SeeInvis .   h - +1 dagger (venom) {short}
rCold   . . .      Faith    .   (no shield)
rNeg    . . .      Spirit   .   a - +0 robe
rPois   .          Reflect  .   (no helmet)
rElec   .          Harm     .   (no cloak)
rCorr   .          Rampage  .   (no gloves)
Will    .....                   (no boots)
Stlth   ++........              f - amulet of the acrobat
HPRegen 0.08/turn               (no ring)
MPRegen 0.11/turn               (no ring)

@: very slightly contaminated
A: fangs 1, strong nose, distributed training
a: no special abilities


You were on level 2 of the Dungeon.
You visited 1 branch of the dungeon, and saw 3 of its levels.

You collected 35 gold pieces.


Innate Abilities, Weirdness & Mutations

You have very sharp teeth.
Your uncanny sense of smell can sniff out nearby items.
Your experience applies equally to all skills.


   Skills:
 + Level 0.8 Fighting
 + Level 0.8 Short Blades
 + Level 0.8 Long Blades
 + Level 0.8 Axes
 + Level 0.8 Maces & Flails
 + Level 0.8 Polearms
 + Level 0.8 Staves
 + Level 0.8 Slings
 + Level 0.8 Bows
 + Level 0.8 Crossbows
 + Level 0.8 Throwing
 + Level 0.8 Armour
 + Level 4.5 Dodging
 + Level 4.1 Stealth
 + Level 0.8 Shields
 + Level 0.8 Unarmed Combat
 + Level 5.0 Spellcasting
 + Level 2.1 Conjurations
 + Level 0.5 Hexes
 + Level 0.5 Summonings
 + Level 0.5 Necromancy
 + Level 0.5 Translocations
 + Level 0.5 Transmutations
 + Level 5.4 Fire Magic
 + Level 0.5 Ice Magic
 + Level 0.5 Air Magic
 + Level 0.5 Earth Magic
 + Level 0.5 Poison Magic
 + Level 1.0 Invocations
 + Level 0.8 Evocations


You had 11 spell levels left.
You knew the following spells:

 Your Spells              Type           Power      Damage    Failure   Level
a - Foxfire               Conj/Fire      60%        2x1d7     3%          1

Your spell library contained the following spells:

 Spells                   Type           Power      Damage    Failure   Level
 Conjure Flame            Conj/Fire      15%        6-21      11%         3
 Inner Flame              Hex/Fire       12%        N/A       14%         3
 Sticky Flame             Conj/Fire      15%        2d4       34%         4
 Fireball                 Conj/Fire      7%         3d5       67%         5

Inventory:

Hand Weapons
 e - a +0 dagger {short}
   (You took it off a goblin on level 1 of the Dungeon)
 h - a +1 dagger of venom (weapon) {short}
   (You took it off a goblin on level 3 of the Dungeon)
Missiles
 b - 74 stones {throwing}
 d - 14 bolts
Armour
 a - a +0 robe (worn)
Jewellery
 f - an amulet of the acrobat (around neck)
   (You found it on level 1 of the Dungeon)
Potions
 c - 2 potions of brilliance {unknown}
 g - a potion of ambrosia {unknown}

Dungeon Overview and Level Annotations

Branches:
Dungeon (3/15)

Altars:
Kikubaaqudgha

Shops:
D:1

* #####...#####.#.....#
...............รท###.####
.............โ€
..........
......_.........#..#^..#
##......#####.#..##..#
#.....## #....#...#
####...## ###.#...##
#....v.# #.##..# #.#..v@#
#.##..# # #...r# #>....##
#..โ€ โ€ # #......#
##...# #.##.#.# #....#
#.##.... ....... #.####.#
......#. #.# #.# .......
# #.. ..# ..####. ...
####


You could see a quokka (ally target).


Message History

You conjure some foxfire!
The foxfire hits the goblin. x2
You kill the goblin! ๐Ÿ˜Ž MP[-1]
You lost 1 mp, and now have 6/9 mp.
Found a stone staircase leading up. ๐Ÿ˜Ž MP[+3]
Your mp is fully restored (9).
h - a +1 dagger of venom {short};
b - 74 stones {throwing} (gained 8)
You see here a +0 hunting sling {sling}.
Your +1 dagger of venom {short} begins to drip with poison!
h - a +1 dagger of venom (weapon)
{short}
(D) Dungeon
Where to? (Enter - D:3, ? - help)
There is a stone staircase leading up here.
You climb upwards.
There is a stone staircase leading down here.
An endoplasm comes into view.
The helpless endoplasm fails to defend itself.
You puncture the endoplasm!
You kill the endoplasm!
No target in view!
A goblin comes into view. It is wielding a +0 club.
A dart slug comes into view.
The goblin shouts!
The goblin completely misses you.
You closely miss the goblin. Your bite misses the goblin.
You closely miss the goblin. The goblin closely misses you.
You hit the goblin.
You kill the goblin!
You see here a +0 club {mace}.
You hit the dart slug but do no damage.
The dart slug is poisoned.
The dart slug closely misses you.
You hit the dart slug.
The dart slug looks as sick as possible!
You kill the dart slug!
No target in view!
You see here a +0 club {mace}.
A bat comes into view.
The bat moves out of view.
Found an ancient bone altar of Kikubaaqudgha.
The bat completely misses you.
You barely miss the bat. The bat misses you. The bat hits you. ๐Ÿ˜• HP[-1]
You take 1 damage, and now have 24/25 hp.
You hit the bat.
The bat is poisoned.
The bat completely misses you.
You hit the bat but do no damage. The bat barely misses you.
You closely miss the bat.
You kill the bat!
A quokka comes into view. ๐Ÿ˜Ž HP[+1]
Your hp is fully restored (25). 2 quokkas come into view.
You hit the quokka but do no damage. The quokka barely misses you.
The quokka closely misses you.
You hit the quokka.
The quokka is poisoned.
The quokka bites you. ๐Ÿ˜• HP[-3]
You take 3 damage, and now have 22/25 hp.
You hit the quokka but do no damage.
The quokka looks as sick as possible!
You kill the quokka!
Your Invocations skill increases to level 1!
You barely miss the quokka. The quokka barely misses you.
You miss the quokka. The quokka misses you.
You hit the quokka but do no damage. Your bite misses the quokka.
The quokka bites you. The quokka barely misses you.
The quokka bites you. ๐Ÿ˜ฎ HP[-6]
You take 6 damage, and now have 16/25 hp.
MASSIVE DAMAGE!! (PAUSE)
Casting: Foxfire (safe; 3% risk of failure)
Confirm with . or Enter, or press ? or * to list all spells.
You miscast Foxfire.
You are very lightly contaminated with residual magic.
Nothing appears to happen.
The quokka closely misses you.
The quokka bites you. ๐Ÿ˜ฎ HP[-3] MP[-1]
You take 3 damage, and now have 13/25 hp.
You lost 1 mp, and now have 8/9 mp.
Casting: Foxfire (safe; 3% risk of failure)
Confirm with . or Enter, or press ? or * to list all spells.
You conjure some foxfire!
The quokka bites you.
* * * LOW HITPOINT WARNING * * *
The quokka misses you. ๐Ÿ˜จ HP[-2] MP[-1]
You take 2 damage, and now have 11/25 hp.
You lost 1 mp, and now have 7/9 mp.
Unknown command.
Casting: Foxfire (safe; 3% risk of failure)
Confirm with . or Enter, or press ? or * to list all spells.
You conjure some foxfire!
The foxfire hits the quokka.
You kill the quokka!
The foxfire hits the quokka.
The quokka bites you.
* * * LOW HITPOINT WARNING * * *
๐Ÿ˜จ HP[-4] MP[-1]
You take 4 damage, and now have 7/25 hp.
You lost 1 mp, and now have 6/9 mp.
Unknown command.
Casting: Foxfire (safe; 3% risk of failure)
Confirm with . or Enter, or press ? or * to list all spells.
You conjure some foxfire!
The quokka bites you.
* * * LOW HITPOINT WARNING * * *
The quokka bites you.
You die...

Skill      XL: |  1  2  3 |
---------------+----------+-----
Conjurations   | 2 |  2.1
Spellcasting   | 5 |  5.0
Invocations    | 1 |  1.0
Fighting       | |  0.8
Short Blades   | |  0.8
Long Blades    | |  0.8
Axes           | |  0.8
Maces & Flails | |  0.8
Polearms       | |  0.8
Staves         | |  0.8
Slings         | |  0.8
Bows           | |  0.8
Crossbows      | |  0.8
Throwing       | |  0.8
Armour         | |  0.8
Dodging        | |  4.5
Stealth        | |  4.1
Shields        | |  0.8
Unarmed Combat | |  0.8
Hexes          | |  0.5
Summonings     | |  0.5
Necromancy     | |  0.5
Translocations | |  0.5
Transmutations | |  0.5
Fire Magic     | |  5.4
Ice Magic      | |  0.5
Air Magic      | |  0.5
Earth Magic    | |  0.5
Poison Magic   | |  0.5
Evocations     | |  0.8

Action                   || total
-------------------------++-------
Melee: Unarmed           ||     3
       Dagger            ||    24
       Bite              ||     1
 Cast: Foxfire           ||    61
 Stab: Sleeping          ||     2
Armor: Robe              ||     6
Dodge: Dodged            ||    31

Levels and vault maps discovered:
D:1:      lemuel_arrival_cross, layout_basic, serial_shops, shop
D:2:      layout_loops_cross, basic_altar,
          hellmonk_ecumenical_altar_inner_sanctum, serial_park_tiny_1,
          uniq_terence
D:3:      layout_rooms, mainiacjoe_overflow_tiny_flanked, uniq_sigmund,
          uniq_jessica, uniq_robin

Notes
Turn   | Place    | Note
-------+----------+-------------------------------------------
     0 | D:1      | Sobieck the Gnoll Fire Elementalist began the quest for the
                  | Orb.
     0 | D:1      | Reached XP level 1. HP: 13/13 MP: 6/6
     0 | D:1      | magus.rc [v1.9.6]
   121 | D:1      | HP: 3/13 [quokka (4)]
   405 | D:1      | Reached skill level 2 in Conjurations
   465 | D:1      | Reached XP level 2. HP: 19/19 MP: 1/7
   935 | D:1      | Found Celof's General Store.
  1171 | D:1      | Reached XP level 3. HP: 25/25 MP: 3/9
  1388 | D:2      | Reached skill level 5 in Spellcasting
  1632 | D:2      | Found an ancient bone altar of Kikubaaqudgha.
  1657 | D:2      | Reached skill level 1 in Invocations
  1664 | D:2      | HP: 4/25 [quokka (3)]
  1664 | D:2      | Slain by a quokka

Vanquished Creatures
  2 dart slugs
  2 ball pythons (D:1)
  6 bats
  3 endoplasms
  A giant cockroach (D:1)
  3 goblins
  A hobgoblin (D:1)
  4 jackals (D:1)
  4 quokkas
  A kobold (D:1)
  3 rats
30 creatures vanquished.

Vanquished Creatures (others)
  88 foxfires
88 creatures vanquished.

Grand Total: 118 creatures vanquished

Table legend:
 A = Non-vault XP
 B = Vault XP
 C = Vault XP percentage of total XP
 D = Non-vault monster count
 E = Vault monster count
 F = Vault count percentage of total count
                 A         B        C        D         E       F
            +---------+---------+-------+---------+---------+-------
      Total |      56 |       0 |   0.0 |      30 |       0 |   0.0
            +---------+---------+-------+---------+---------+-------
        D:1 |      36 |       0 |   0.0 |      20 |       0 |   0.0
        D:2 |      16 |       0 |   0.0 |       8 |       0 |   0.0
        D:3 |       4 |       0 |   0.0 |       2 |       0 |   0.0
            +---------+---------+-------+---------+---------+-------

Illustrated notes

Table legend:
 A = Kills in this place as a percentage of kills in entire the game.
 B = Kills by you in this place as a percentage of kills by you in the entire game.
 C = Kills by friends in this place as a percentage of kills by friends in the entire game.
 D = Other kills in this place as a percentage of other kills in the entire game.
 E = Experience gained in this place as a percentage of experience gained in the entire game.
 F = Experience gained in this place divided by the number of levels of this place that you have seen.
                   A       B       C       D       E      F
               +-------+-------+-------+-------+-------+----------------------
         Total | 100.0 | 100.0 |   N/A |   N/A | 100.0 |  18.7
       Dungeon | 100.0 | 100.0 |   N/A |   N/A | 100.0 |  18.7
               +-------+-------+-------+-------+-------+----------------------

Table legend: (Time is in decaauts)
 A = Elapsed time spent in this place.
 B = Non-inter-level travel time spent in this place.
 C = Inter-level travel time spent in this place.
 D = Time resting spent in this place.
 E = Time spent auto-exploring this place.
 F = Levels seen in this place.
 G = Mean time per level.
                   A        B        C        D        E       F      G
               +--------+--------+--------+--------+--------+-----+--------+
         Total |   1663 |   1638 |     25 |    221 |   1208 |   3 |  554.3 |
       Dungeon |   1663 |   1638 |     25 |    221 |   1208 |   3 |  554.3 |
               +--------+--------+--------+--------+--------+-----+--------+

Top non-repeatable levels by time:
     D:1: 1377 daAuts
     D:2: 191 daAuts
     D:3: 94 daAuts
